 Dungeon Crawl Stone Soup version 0.18.1-50-g88ac8fd (webtiles) character file.

75956 magog001 the Peltast (level 15, -8/95 HPs)
             Began as a Gargoyle Fighter on Dec 31, 2018.
             Was the Champion of Nemelex Xobeh.
             Killed by divine providence
             ... invoked by Saint Roka
              (12 damage)
             ... on level 2 of the Orcish Mines on Jan 1, 2019.
             The game lasted 02:44:24 (30345 turns).

magog001 the Peltast (Gargoyle Fighter)            Turns: 30345, Time: 02:44:25

Health: -8/95      AC: 53    Str: 33    XL:     15   Next: 51%
Magic:  15/15      EV:  6    Int: 11    God:    Nemelex Xobeh [******]
Gold:   1555       SH: 22    Dex:  9    Spells: 0 memorised, 14 levels left

rFire  . . .     SeeInvis .     F - +3 mace (protect)
rCold  . . .     Gourm    .     a - +1 crystal plate armour
rNeg   + . .     Faith    .     C - +2 shield {AC+3}
rPois  ∞         Spirit   .     i - +1 hat
rElec  +         Dismiss  .     G - +2 cloak {MR+}
rCorr  +         Reflect  +     T - +0 pair of gloves "Suasuacs" {*Contam rCorr Int+2}
SustAt .         Harm     .     L - +1 pair of boots {Fly}
MR     ++...                    o - +3 amulet of reflection
Stlth  ..........               g - +4 ring of protection
                                D - +5 ring of strength

@: about to teleport, cleaving, flying, very slightly contaminated, invisible,
very resistant to hostile enchantments, extremely unstealthy
A: big wings, blurry vision 1, mutation resistance 1, negative energy resistance
1, electricity resistance, strong 1, unbreathing, petrification resistance, rot
immunity, AC +11
a: Stop Flying, Triple Draw, Deal Four, Stack Five, Renounce Religion


You were on level 2 of the Orcish Mines.
You worshipped Nemelex Xobeh.
Nemelex Xobeh was exalted by your worship.
You were not hungry.

You visited 4 branches of the dungeon, and saw 23 of its levels.
You also visited: Labyrinth and Sewer.

You collected 2563 gold pieces.
You spent 1008 gold pieces at shops.

Inventory:

Hand Weapons
 y - a +2 greatsling of velocity
 F - a +3 mace of protection (weapon)
Missiles
 A - 65 sling bullets
Armour
 a - a +1 crystal plate armour (worn)
 i - a +1 hat (worn)
 C - a +2 shield of protection (worn)
 G - a +2 cloak of magic resistance (worn)
 L - a +1 pair of boots of flying (worn)
 T - the +0 pair of gloves "Suasuacs" (worn) {*Contam rCorr Int+2}
   (You found it on level 4 of the Lair of Beasts)

   It affects your intelligence (+2).
   It causes magical contamination when unequipped.
   It protects you from acid and corrosion.
Jewellery
 c - an uncursed ring of see invisible
 g - a +4 ring of protection (right hand)
 o - a +3 amulet of reflection (around neck)
 D - a +5 ring of strength (left hand)
Wands
 d - a wand of acid (15/15)
 j - a wand of disintegration (8/24)
 p - a wand of digging (5/24)
 E - a wand of flame (23/48)
 I - a wand of iceblast (6/15)
 K - a wand of lightning (4/15)
 Q - a wand of flame (3/48)
 U - a wand of teleportation (1/9)
 Y - a wand of flame (17/48)
Scrolls
 e - 9 scrolls of remove curse
 l - 2 scrolls of blinking
 q - 5 scrolls of fear
 t - 4 scrolls of teleportation
 z - 3 scrolls of magic mapping
 B - a scroll of silence
 M - 7 scrolls of recharging
 R - 10 scrolls of identify
 V - a scroll of holy word
 Z - 3 scrolls of fog
Potions
 r - 2 potions of haste
 w - a potion of invisibility
Miscellaneous
 b - a sack of spiders {used: 1}
 h - a legendary deck of war {drawn: 8}
 m - a legendary deck of war
 n - a fan of gales
 s - a legendary deck of war
 v - a legendary deck of war {drawn: 5}
 x - a legendary deck of destruction
 H - an ornate deck of war
 J - an ornate deck of escape {drawn: 3}
 N - an ornate deck of destruction
 O - an ornate deck of destruction
 W - an ornate deck of destruction
Comestibles
 f - 10 bread rations
 u - 23 royal jellies
 P - 3 meat rations


   Skills:
 * Level 11.3 Fighting
 * Level 12.2 Maces & Flails
   Level 0.3 Polearms
 * Level 11.3 Armour
 * Level 20.2 Shields
 - Level 0.1 Evocations


You had 14 spell levels left.
You didn't know any spells.

Dungeon Overview and Level Annotations

Branches:
Dungeon (12/15)            Temple (0/1) D:6            Lair (8/8) D:9
 Shoals (1/4) Lair:4        Snake (0/4) Lair:5        Slime (0/6) Lair:8
    Orc (2/2) D:12            Elf (0/3) Orc:2

Altars:
Fedhas
Makhleb
Nemelex Xobeh
Okawaru
Pakellas
Sif Muna
Vehumet
Xom
Beogh

Shops:
D:5 [   D:8 !   Orc:2 [=([

Annotations:
Orc:2 Saint Roka


Innate Abilities, Weirdness & Mutations

You are resistant to torment.
Your stone body is resilient (AC +11).
You are immune to poison.
Your large and strong wings let you fly indefinitely.
You resist negative energy.
You are resistant to electric shocks.
You can survive without breathing.
You are immune to petrification.
You are immune to rotting.
Scrolls take you a little longer to read.
You are somewhat resistant to further mutation.
Your muscles are strong. (Str +2)


Message History

The +0 pair of gloves "Suasuacs" {*Contam rCorr Int+2} unmelds from your body.
Your +1 pair of boots of flying unmelds from your body.
Your +1 crystal plate armour unmelds from your body.
You feel resistant to hostile enchantments.
You fly up into the air.
Your vampire mosquito barely misses Saint Roka.
The vampire mosquito bites you but does no damage.
Your vampire mosquito bites the vampire mosquito!
The vampire mosquito is destroyed!
The vampire mosquito's corpse disappears in a puff of smoke!
Your vampire mosquito bites Saint Roka but does no damage.
Evoke which item? (* to show all) (? for menu, Esc to quit)
Zapping:
U - a wand of teleportation (2/9)
Press: ? - help, Shift-Dir - straight line, f - you, p - Saint Roka You feel strangely unstable.
This wand has 1 charge left.
Your vampire mosquito bites Saint Roka but does no damage.
Saint Roka invokes the aid of Beogh against you.
Beogh smites you!
You die...
Your body glows with a rainbow of weird colours and disappears.

....###8...8###..#
...#####...#####.#
.#.#...#...#...#.#
...#...'...'...#.#
...#...#...#...#.#
...#####.8.#####.#
...#..)#...#...#.#
...#)))))..'...#y#
...#..)#.[.#...#@#
...#####...#####o#
...## #8..)8# ##y#
.#..###.....###.(#
......##'')##...##
.........o.o..###
........8.8(###
..........o##
..........##


You could see Saint Roka and 2 friendly vampire mosquitoes.

Vanquished Creatures
  A minotaur (Lab)
  Snorg (Lair:8)
  5 hydras
  An unseen horror (D:11)
  An orc knight (Orc:2)
  A hill giant (D:11)
  Pikel (D:8)
  A wolf spider zombie (D:12)
  An ugly thing (D:11)
  A deep elf mage (D:12)
  3 griffons
  A manticore (Lair:4)
  An orc sorcerer (Orc:2)
  3 slime creatures (D:12)
  17 elephants
  A centaur zombie (D:12)
  12 black mambas
  4 gargoyles (Lab)
  7 komodo dragons
  20 spiny frogs
  4 rime drakes
  A queen bee (Lair:7)
  8 trolls
  7 polar bears
  16 blink frogs
  4 raiju (Lair:8)
  A spriggan (D:8)
  Sigmund (D:3)
  2 wyverns
  6 basilisks
  3 wraiths (D:10)
  60 yaks
  2 hungry ghosts
  Eustachio (D:4)
  10 hippogriffs
  A steam dragon (Lair:7)
  12 wargs
  Menkaure (D:6)
  3 nagas (Lair:5)
  13 water moccasins
  Duvessa (D:6)
  2 soldier ants (D:10)
  3 hell hounds (Lair:8)
  12 porcupines
  32 orc warriors
  Purgy (D:3)
  A sky beast (D:10)
  2 ice beasts
  15 black bears
  A necrophage (D:9)
  2 phantoms
  An eye of draining (D:12)
  8 ogres
  32 wolves
  5 centaurs
  16 crocodiles
  A big kobold (D:11)
  Blork the orc (D:4)
  18 giant frogs
  2 scorpions
  Dowan (D:6)
  A water moccasin skeleton (D:5)
  A wyvern skeleton (D:12)
  30 killer bees
  2 howler monkeys
  2 lava snakes (Lair:8)
  8 crimson imps
  2 quasits
  19 hounds
  6 jellies
  2 giant frog skeletons
  26 orc priests
  2 centaur skeletons (D:11)
  13 iguanas
  11 worker ants
  26 orc wizards
  2 hell rats (Lair:1)
  A statue (D:5)
  32 sheep
  A hound zombie (D:6)
  A hound skeleton (D:8)
  A worker ant zombie (D:8)
  22 adders
  3 gnolls (Orc:1)
  54 river rats
  11 oozes
  An adder skeleton (D:5)
  4 worms
  3 dart slugs
  20 giant geckos
  119 orcs
  4 bats
  16 giant cockroaches
  7 hobgoblins
  14 jackals
  12 kobolds
  4 quokkas
  14 ball pythons
  A giant cockroach zombie (D:5)
  A giant gecko zombie (D:6)
  8 giant newts
  7 goblins
  A jackal zombie (D:6)
  A quokka zombie (D:6)
  11 rats
  A fungus (Lair:7)
  A plant (Lair:8)
925 creatures vanquished.

Vanquished Creatures (collateral kills)
  3 hydras
  A spiny frog (Lair:2)
  A rime drake (Lair:7)
  2 polar bears (Lair:8)
  A blink frog (Lair:7)
  A boulder beetle (Lair:7)
  5 crocodiles
14 creatures vanquished.

Vanquished Creatures (others)
  Josephine (D:10)
  A hell hound (Lair:8)
  A quokka (D:8)
  12 fungi
  21 plants
36 creatures vanquished.

Grand Total: 975 creatures vanquished

Notes
Turn   | Place    | Note
--------------------------------------------------------------
     0 | D:1      | magog001 the Gargoyle Fighter began the quest for the Orb.
     0 | D:1      | Reached XP level 1. HP: 14/14 MP: 1/1
   377 | D:1      | Reached XP level 2. HP: 15/19 MP: 2/2
  1048 | D:2      | Reached XP level 3. HP: 23/23 MP: 3/3
  1156 | D:2      | Reached skill level 4 in Shields
  1967 | D:2      | Reached XP level 4. HP: 28/28 MP: 4/4
  2365 | D:2      | Found a burning altar of Makhleb.
  2468 | D:2      | Reached XP level 5. HP: 23/33 MP: 5/5
  2828 | D:3      | Noticed Purgy
  2828 | D:3      | Noticed Sigmund
  2846 | D:3      | Killed Purgy
  2846 | D:3      | Reached skill level 5 in Shields
  2846 | D:3      | Reached XP level 6. HP: 24/38 MP: 6/6
  3422 | D:3      | Killed Sigmund
  3422 | D:3      | Reached skill level 5 in Armour
  3678 | D:4      | Found a glowing drain.
  3691 | D:4      | Reached XP level 7. HP: 26/44 MP: 7/7
  3711 | Sewer    | Entered a sewer
  4290 | Sewer    | Reached skill level 6 in Shields
  4502 | D:4      | Noticed Eustachio
  4579 | D:4      | Killed Eustachio
  5000 | D:4      | Noticed Blork the orc
  5014 | D:4      | Reached skill level 7 in Shields
  5014 | D:4      | Reached XP level 8. HP: 21/48 MP: 8/8
  5038 | D:4      | Killed Blork the orc
  5928 | D:4      | Reached skill level 5 in Fighting
  6132 | D:5      | Entered Level 5 of the Dungeon
  6311 | D:5      | Found Waptesol's Armour Shop.
  6314 | D:5      | Bought a +0 helmet for 45 gold pieces
  6314 | D:5      | Bought a +0 large shield for 45 gold pieces
  6383 | D:5      | Reached skill level 5 in Maces & Flails
  6702 | D:5      | Found an iron altar of Okawaru.
  6702 | D:5      | Found a sparkling altar of Nemelex Xobeh.
  6703 | D:5      | Found a blossoming altar of Fedhas.
  6734 | D:5      | Found a shimmering altar of Xom.
  6736 | D:5      | Found an oddly glowing altar of Pakellas.
  6738 | D:5      | Found a deep blue altar of Sif Muna.
  6759 | D:5      | Became a worshipper of Nemelex Xobeh the Trickster
  6807 | D:5      | Received a gift from Nemelex Xobeh
  6825 | D:5      | Reached skill level 8 in Shields
  6857 | D:5      | Found a radiant altar of Vehumet.
  7159 | D:6      | Noticed Menkaure
  7168 | D:6      | Killed Menkaure
  7176 | D:6      | Found a staircase to the Ecumenical Temple.
  7211 | D:6      | Reached XP level 9. HP: 26/54 MP: 9/9
  7575 | D:6      | Reached skill level 9 in Shields
  7619 | D:6      | Received a gift from Nemelex Xobeh
  7862 | D:6      | Reached * piety under Nemelex Xobeh
  7974 | D:6      | Noticed Dowan
  7977 | D:6      | Noticed Duvessa
  7981 | D:6      | Killed Dowan
  7993 | D:6      | Killed Duvessa
  8736 | D:7      | Received a gift from Nemelex Xobeh
  8892 | D:5      | Bought a +2 cloak of magic resistance for 215 gold pieces
  9104 | D:7      | Reached ** piety under Nemelex Xobeh
  9373 | D:7      | Reached skill level 10 in Shields
  9817 | D:7      | Received a gift from Nemelex Xobeh
 10069 | D:8      | Found Tableil's Distillery.
 10089 | D:8      | Bought 2 potions of heal wounds for 130 gold pieces
 10090 | D:8      | Gained mutation: You are somewhat resistant to further mutation. [potion of mutation]
 10090 | D:8      | Gained mutation: You regenerate slowly when monsters are visible. [potion of mutation]
 10256 | D:8      | Received a gift from Nemelex Xobeh
 10268 | D:8      | Reached XP level 10. HP: 61/61 MP: 10/10
 10444 | D:8      | Noticed Pikel
 10473 | D:8      | Killed Pikel
 10473 | D:8      | Reached skill level 11 in Shields
 11321 | D:9      | Noticed an elephant
 11350 | D:9      | Killed an elephant
 11393 | D:9      | Gained mutation: Your large and strong wings let you fly indefinitely. [potion of mutation]
 11445 | D:9      | Reached skill level 12 in Shields
 11508 | D:9      | Reached *** piety under Nemelex Xobeh
 11622 | D:9      | Found a staircase to the Lair.
 11856 | D:9      | Reached XP level 11. HP: 46/67 MP: 11/11
 12176 | Lair:1   | Entered Level 1 of the Lair of Beasts
 12310 | D:9      | Reached skill level 13 in Shields
 13522 | Lair:1   | Received a gift from Nemelex Xobeh
 13551 | Lair:1   | Lost mutation: Your large and strong wings let you fly indefinitely. [potion of cure mutation]
 13551 | Lair:1   | Lost mutation: You regenerate slowly when monsters are visible. [potion of cure mutation]
 13551 | Lair:1   | Lost mutation: You are somewhat resistant to further mutation. [potion of cure mutation]
 14067 | Lair:2   | Reached skill level 14 in Shields
 14837 | Lair:2   | Reached XP level 12. HP: 70/75 MP: 12/12
 15263 | Lair:2   | You fall through a shaft for 2 floors!
 15377 | Lair:4   | Reached skill level 15 in Shields
 15416 | Lair:4   | Got a pair of dazzling gloves
 15538 | Lair:4   | Identified the +0 pair of gloves "Suasuacs" {*Contam rCorr Int+2} (You found it on level 4 of the Lair of Beasts)
 15607 | Lair:3   | Received a gift from Nemelex Xobeh
 15786 | Lair:3   | Reached **** piety under Nemelex Xobeh
 16127 | Lair:4   | Received a gift from Nemelex Xobeh
 17615 | Lair:3   | Received a gift from Nemelex Xobeh
 17866 | Lair:3   | Reached skill level 16 in Shields
 18324 | Lair:4   | Reached XP level 13. HP: 64/80 MP: 13/13
 18358 | Lair:4   | Received a gift from Nemelex Xobeh
 18914 | Lair:4   | Found a staircase to the Shoals.
 18963 | Lair:4   | Reached skill level 10 in Armour
 19056 | Shoals:1 | Entered Level 1 of the Shoals
 19057 | Shoals:1 | Noticed a merfolk javelineer
 19236 | Lair:4   | Reached skill level 10 in Maces & Flails
 19417 | Lair:5   | Reached ***** piety under Nemelex Xobeh
 19466 | Lair:5   | Received a gift from Nemelex Xobeh
 19719 | Lair:5   | Received a gift from Nemelex Xobeh
 19781 | Lair:5   | Found a staircase to the Snake Pit.
 20123 | Lair:6   | Reached skill level 10 in Fighting
 20123 | Lair:6   | Reached skill level 17 in Shields
 20820 | Lair:6   | Received a gift from Nemelex Xobeh
 20827 | Lair:6   | Identified a scroll of acquirement
 21607 | Lair:7   | Gained mutation: Your large and strong wings let you fly indefinitely. [Gargoyle growth]
 21607 | Lair:7   | Reached XP level 14. HP: 88/88 MP: 14/14
 21660 | Lair:7   | Received a gift from Nemelex Xobeh
 21664 | Lair:7   | Gained mutation: Your muscles are strong. (Str +2) [potion of mutation]
 21664 | Lair:7   | Gained mutation: Scrolls take you a little longer to read. [potion of mutation]
 21664 | Lair:7   | Gained mutation: You are somewhat resistant to further mutation. [potion of mutation]
 21757 | Lair:7   | Reached skill level 18 in Shields
 22661 | Lair:8   | Entered Level 8 of the Lair of Beasts
 22924 | Lair:8   | Noticed Snorg
 22956 | Lair:8   | Killed Snorg
 22972 | Lair:8   | HP: 7/198 [spiny frog (7)]
 23981 | Lair:8   | Got a pair of distressingly furry boots
 24061 | Lair:8   | Reached skill level 19 in Shields
 24074 | Lair:8   | Identified the +1 pair of boots of the Onion {MR++ Str-5 Dex+6} (You found it on level 8 of the Lair of Beasts)
 24145 | Lair:8   | Received a gift from Nemelex Xobeh
 24317 | Lair:8   | Found a staircase to the Slime Pits.
 25140 | D:10     | Entered Level 10 of the Dungeon
 25300 | D:10     | Received a gift from Nemelex Xobeh
 25334 | D:10     | Noticed Josephine
 25344 | D:10     | Killed Josephine
 25725 | D:10     | Reached XP level 15. HP: 93/93 MP: 15/15
 25945 | D:11     | Found a labyrinth entrance.
 25970 | Lab      | Entered a labyrinth
 26107 | Lab      | Reached ****** piety under Nemelex Xobeh
 26107 | Lab      | Received a gift from Nemelex Xobeh
 26529 | D:11     | Received a gift from Nemelex Xobeh
 26963 | D:12     | Received a gift from Nemelex Xobeh
 27047 | D:12     | Found a staircase to the Orcish Mines.
 27067 | D:12     | Found a roughly hewn altar of Beogh.
 27512 | D:12     | Received a gift from Nemelex Xobeh
 28275 | Orc:1    | Entered Level 1 of the Orcish Mines
 28275 | Orc:1    | Found a roughly hewn altar of Beogh.
 28368 | Orc:1    | Received a gift from Nemelex Xobeh
 28700 | Orc:2    | Entered Level 2 of the Orcish Mines
 28739 | Orc:2    | Reached skill level 20 in Shields
 28760 | Orc:2    | Found a staircase to the Elven Halls.
 28830 | Orc:2    | Found a roughly hewn altar of Beogh.
 28956 | Orc:2    | Found a roughly hewn altar of Beogh.
 29188 | Orc:2    | Found a roughly hewn altar of Beogh.
 29192 | Orc:2    | Found Duesim's Antique Armour Shop.
 29317 | Orc:2    | Bought a shiny shield for 148 gold pieces
 29362 | Orc:2    | Received a gift from Nemelex Xobeh
 29398 | Orc:2    | Found a roughly hewn altar of Beogh.
 29403 | Orc:2    | Found Dohor's Jewellery Emporium.
 29433 | Orc:2    | Bought a +3 amulet of reflection for 425 gold pieces
 29692 | Orc:2    | Found a roughly hewn altar of Beogh.
 30236 | Orc:2    | Found Jewekhlaeh's Antique Armour Shoppe.
 30236 | Orc:2    | Found a roughly hewn altar of Beogh.
 30239 | Orc:2    | Found Dojepaoq's Antique Weapon Emporium.
 30268 | Orc:2    | Noticed Saint Roka
 30342 | Orc:2    | HP: 5/142 [Saint Roka/divine providence (11)]
 30345 | Orc:2    | Killed from afar by Saint Roka

Skill      XL: |  1  2  3  4  5  6  7  8  9 10 11 12 13 14 15 |
---------------+----------------------------------------------+-----
Shields        | 4 5 7 8 10 12 14 16 17 19 20 | 20.2
Armour         | 4 5 6 7 8 9 10 11 | 11.3
Fighting       | 4 5 6 7 8 9 10 11 | 11.3
Maces & Flails | 3 4 5 6 7 8 9 10 11 12 | 12.2
Polearms       | |  0.3
Evocations     | |  0.1

Action                   |  1- 3 |  4- 6 |  7- 9 | 10-12 | 13-15 || total
-------------------------+-------+-------+-------+-------+-------++-------
Melee: Flail             |   174 |   119 |   674 |       |       ||   967
       Scythe            |       |    39 |    16 |       |       ||    55
       Mace              |       |       |   253 |  1862 |  3371 ||  5486
Throw: Tomahawk          |       |       |       |       |     7 ||     7
Evoke: Wand              |       |     3 |       |     6 |    25 ||    34
       Deck              |       |       |       |     7 |    12 ||    19
       Fan of gales      |       |       |       |     1 |     2 ||     3
       Sack of spiders   |       |       |       |     2 |     2 ||     4
  Use: Scroll            |       |     6 |    14 |     9 |    15 ||    44
       Potion            |       |     3 |     7 |    14 |    23 ||    47
  Eat: Bread ration      |     1 |       |     1 |     7 |       ||     9
       Chunk             |       |     3 |     8 |    10 |     2 ||    23
       Royal jelly       |       |     1 |       |       |     1 ||     2
       Beef jerky        |       |       |     2 |       |     6 ||     8
       Pizza             |       |       |     1 |     1 |     2 ||     4
       Meat ration       |       |       |     1 |     1 |     6 ||     8
       Fruit             |       |       |     2 |       |     2 ||     4
Armor: Scale mail        |    80 |   145 |   157 |       |       ||   382
       Ring mail         |       |       |   410 |   259 |       ||   669
       Plate armour      |       |       |       |   771 |  1505 ||  2276
       Skin              |       |       |       |    36 |   177 ||   213
       Crystal plate arm |       |       |       |       |   442 ||   442
Dodge: Dodged            |    56 |    98 |   298 |   328 |   679 ||  1459
Block: Shield            |   102 |    84 |   288 |       |   278 ||   752
       Large shield      |       |       |   581 |  2382 |  4466 ||  7429
       Reflection        |       |       |       |       |     3 ||     3
